 Dungeon Crawl Stone Soup version 0.30.0-29-ga12c61a403 (webtiles) character file.

Game seed: 12377597269156693788

7847 seaoflcl the Carver (level 11, 0/83 HPs)
             Began as a Human Fighter on June 4, 2023.
             Was a Priest of the Shining One.
             Slain by a two-headed ogre
             ... wielding a +0 dire flail
              (14 damage)
             ... on level 10 of the Dungeon.
             The game lasted 00:46:05 (9993 turns).

seaoflcl the Carver (Human Fighter)                 Turns: 9993, Time: 00:46:06

Health: 0/83       AC: 16    Str: 25    XL:     11   Next: 44%
Magic:  0/13       EV: 12    Int:  9    God:    the Shining One [***...]
Gold:   586        SH: 13    Dex: 13    Spells: 10/10 levels left

rFire   . . .        J - +7 long sword of Conscience {venom, Str+5 Stlth-}
rCold   + . .        c - +0 buckler
rNeg    + . .        o - +0 plate armour
rPois   .            M - +0 helmet
rElec   .            (no cloak)
rCorr   .            D - +0 pair of gloves
SInv    .            (no boots)
Will    .....        L - amulet of guardian spirit Stlth
                     q - +5 ring of evasion
HPRegen 0.33/turn    U - ring of protection from cold
MPRegen 0.13/turn

%: guardian spirit
@: mighty, divinely shielded, glowing
A: no striking features
a: Renounce Religion, Divine Shield, Cleansing Flame


You were on level 10 of the Dungeon.
You worshipped the Shining One.
The Shining One was most pleased with you.
You visited 2 branches of the dungeon, and saw 11 of its levels.
You also visited: Ossuary.

You collected 586 gold pieces.

Inventory:

Hand Weapons
 a - a +0 long sword of venom
 e - a +0 sling
 h - a +1 vampiric hand axe
 z - a +0 scythe of venom
 C - a +1 battleaxe of electrocution
 J - the +7 long sword of Conscience (weapon) {venom, Str+5 Stlth-}
   (You found it on level 5 of the Dungeon)

   Str:       It affects your strength (+5).
   Stlth:     It makes you less stealthy.
 P - a +3 short sword
 R - a +3 dagger of freezing
 X - a +3 mace
Missiles
 i - 99 stones (quivered)
 l - 2 throwing nets
Armour
 c - a +0 buckler (worn)
 o - a +0 plate armour (worn)
 D - a +0 pair of gloves (worn)
 M - a +0 helmet (worn)
 S - a +1 ring mail of willpower
Magical Staves
 s - a staff of cold
 t - a staff of conjuration
Jewellery
 q - a +5 ring of evasion (left hand)
 x - a ring of positive energy
 L - an amulet of guardian spirit (around neck)
 U - a ring of protection from cold (right hand)
 Y - an amulet of the acrobat
Wands
 f - a wand of polymorph (5)
 j - a wand of flame (5)
 y - a wand of digging (13)
 E - a wand of roots (38)
 H - a wand of charming (4)
Scrolls
 b - a scroll of silence {unknown}
 m - 3 scrolls of enchant weapon
 r - 7 scrolls of teleportation
 A - 3 scrolls of fog
 B - a scroll of torment {unknown}
 F - a scroll of vulnerability {unknown}
 G - 4 scrolls of enchant armour
 I - a scroll of brand weapon
 K - a scroll of immolation {unknown}
 O - a scroll of blinking {unknown}
 T - a scroll of fear {unknown}
 W - a scroll of butterflies {unknown}
 Z - 2 scrolls of poison {unknown}
Potions
 g - 2 potions of curing
 k - 2 potions of flight
 n - 2 potions of resistance
 p - 3 potions of cancellation
 u - a potion of haste
 v - 2 potions of berserk rage {unknown}
 w - 5 potions of invisibility
 N - a potion of ambrosia {unknown}
 Q - a potion of lignification {unknown}
 V - a potion of brilliance {unknown}


   Skills:
 + Level 6.6 Fighting
 * Level 11.5 Long Blades
 - Level 4.9 Axes
 + Level 0.1 Throwing
 + Level 7.9 Armour
 + Level 1.6 Dodging
 + Level 1.1 Stealth
 + Level 6.6 Shields
 * Level 2.7 Invocations
 + Level 0.4 Evocations


You had 10 spell levels left.
You didn't know any spells.
Your spell library contained the following spells:

 Spells                   Type           Power      Damage    Failure   Level
 Apportation              Tloc           0%         N/A       99%         1
 Kiss of Death            Conj/Necr      0%         2d5       99%         1
 Necrotise                Necr           0%         1d4       99%         1
 Summon Small Mammal      Summ           0%         N/A       99%         1
 Cigotuvi's Dreadful Rot  Necr/Pois/Air  0%         N/A       100%        2
 Ensorcelled Hibernation  Hex/Ice        0%         N/A       100%        2
 Lesser Beckoning         Tloc           0%         N/A       100%        2
 Passwall                 Tmut/Erth      0%         N/A       100%        2
 Static Discharge         Conj/Air       0%         2-2/arc   100%        2
 Sublimation of Blood     Necr           0%         N/A       100%        2
 Confusing Touch          Hex            0%         N/A       100%        3
 Gell's Gravitas          Tloc           0%         N/A       100%        3
 Ignite Poison            Fire/Tmut/Pois 0%         N/A       100%        3
 Spider Form              Tmut/Pois      0%         N/A       100%        3
 Swiftness                Air            0%         N/A       100%        3
 Teleport Other           Tloc           0%         N/A       100%        3
 Airstrike                Air            0%         2d(0-16)  100%        4
 Anguish                  Hex/Necr       0%         N/A       100%        4
 Animate Armour           Summ/Erth      0%         N/A       100%        4
 Dispel Undead            Necr           0%         3d6       100%        4
 Petrify                  Tmut/Erth      0%         N/A       100%        4
 Summon Lightning Spire   Summ/Air       0%         N/A       100%        4
 Blade Hands              Tmut           0%         N/A       100%        5
 Freezing Cloud           Conj/Ice/Air   0%         6-21      100%        5
 Irradiate                Conj/Tmut      0%         3d11      100%        5
 Iron Shot                Conj/Erth      0%         9d1       100%        6


Dungeon Overview and Level Annotations

Branches:
Dungeon (10/15)            Temple (1/1) D:7         Ossuary (visited)
   Lair: D:8-11         Orc: D:9-12

Altars:
Ashenzari
Cheibriados
Dithmenos
Elyvilon
Fedhas
Gozag
Hepliaklqana
Kikubaaqudgha
Makhleb
Nemelex Xobeh
Okawaru
Qazlal
Ru
Sif Muna
Trog
Uskayaw
Wu Jian
Xom
Yredelemnul
Zin
The Shining One

Annotations:
D:5 3 runed translucent doors, suzumiya's ghost, novice MiFi


Message History

You hit the yak.
The yak looks as sick as possible!
The yak is moderately wounded.
The killer bee barely misses you. The yak gores you.
You slash the yak!
The yak looks as sick as possible!
The yak is severely wounded.
The yak gores you.
You slash the yak!
You kill the yak!
The two-headed ogre completely misses you.
The two-headed ogre hits you with a +0 giant club!
You hit the two-headed ogre.
The two-headed ogre is poisoned.
The two-headed ogre is lightly wounded.
The yak gores you!
You hit the two-headed ogre.
The two-headed ogre looks as sick as possible!
The two-headed ogre is lightly wounded.
The two-headed ogre hits you with a +0 dire flail.
* * * LOW HITPOINT WARNING * * *
You block the two-headed ogre's attack. The yak misses you.
You slash the two-headed ogre!
The two-headed ogre looks as sick as possible!
The two-headed ogre is heavily wounded.
The two-headed ogre barely misses you. x2; The yak gores you.
* * * LOW HITPOINT WARNING * * *
You feel better.
The sentinel's mark upon you fades away.
The yak gores you.
* * * LOW HITPOINT WARNING * * *
You feel very mighty all of a sudden.
The two-headed ogre hits you with a +0 dire flail!
* * * LOW HITPOINT WARNING * * *
The two-headed ogre hits you but does no damage.
The yak barely misses you.
You slash the two-headed ogre!
The two-headed ogre looks as sick as possible!
The two-headed ogre is heavily wounded.
You slash the two-headed ogre!
The two-headed ogre is severely wounded.
The two-headed ogre hits you with a +0 dire flail!
You die...

.#.#..####.#
##.#..####.#####.#.##
.................>..
##............##.#.#
#########.##.##.#.
#.# ...Y. #.# ##Y#
#.#####Y# #....yO@#
#########


You could see a two-headed ogre (extremely poisoned), 3 yaks and a killer bee.

Vanquished Creatures
  5 gargoyles (D:8)
  2 trolls
  Prince Ribbit (D:5)
  A vampire (D:9)
  Sigmund (D:4)
  2 wraiths
  A shadow (D:9)
  8 yaks
  Eustachio (D:5)
  5 vampire mosquitoes (D:9)
  4 water moccasins
  An orc warrior (D:9)
  Duvessa (D:7)
  A black bear (D:5)
  3 ice beasts
  An ogre (D:5)
  3 centaurs
  Blork the orc (D:4)
  A bullfrog (D:7)
  Dowan (D:7)
  14 killer bees
  6 howler monkeys
  A jelly (D:5)
  7 orc priests
  2 hounds
  2 gnoll boudas
  A sleepcap (D:6)
  An iguana (D:6)
  7 orc wizards
  Ijyb (D:4)
  Terence (D:2)
  A mummy (Ossuary)
  6 gnolls
  5 adders
  An ufetubus (D:4)
  A worm (D:3)
  35 orcs
  8 ball pythons
  11 endoplasms
  2 giant cockroaches
  4 goblins
  12 hobgoblins
  4 jackals (D:1)
  5 kobolds
  2 quokkas
  4 frilled lizards
  7 gnoll skeletons (Ossuary)
  3 kobold skeletons (Ossuary)
  15 orc skeletons (Ossuary)
  6 rats
219 creatures vanquished.

Notes
Turn   | Place    | Note
-------+----------+-------------------------------------------
     0 | D:1      | seaoflcl the Human Fighter began the quest for the Orb.
     0 | D:1      | Reached XP level 1. HP: 18/18 MP: 1/1
   163 | D:1      | Reached XP level 2. HP: 19/24 MP: 2/2
   366 | D:1      | Reached XP level 3. HP: 29/29 MP: 3/3
  1162 | D:2      | Noticed Terence
  1173 | D:2      | Killed Terence
  1174 | D:2      | Reached skill level 1 in Axes
  1174 | D:2      | Reached XP level 4. HP: 28/35 MP: 4/4
  1861 | D:3      | Found a white marble altar of Elyvilon.
  1876 | D:3      | Found a shimmering altar of Xom.
  1908 | D:3      | Found a basalt altar of Yredelemnul.
  1982 | D:3      | Reached XP level 5. HP: 41/41 MP: 5/5
  2740 | D:4      | Found an ancient bone altar of Kikubaaqudgha.
  2752 | D:4      | Noticed Sigmund
  2955 | D:4      | Killed Sigmund
  2956 | D:4      | Reached XP level 6. HP: 43/48 MP: 6/6
  3325 | D:4      | Reached XP level 7. HP: 54/54 MP: 7/7
  3481 | D:4      | Noticed Blork the orc
  3496 | D:4      | Killed Blork the orc
  3497 | D:4      | Reached skill level 5 in Armour
  3500 | D:4      | Found a hide-covered altar of Uskayaw.
  3617 | D:4      | Noticed Ijyb
  3635 | D:4      | Killed Ijyb
  4342 | D:5      | Entered Level 5 of the Dungeon
  4433 | D:5      | Reached XP level 8. HP: 56/60 MP: 8/8
  4436 | D:5      | Reached skill level 1 in Dodging
  4501 | D:5      | Noticed suzumiya's ghost (novice MiFi)
  4514 | D:5      | Found a runed translucent gate.
  4514 | D:5      | Found a runed translucent gate.
  4517 | D:5      | Found a runed translucent gate.
  4576 | D:5      | Identified the +7 long sword of Conscience {venom, Str+5
                  | Stlth-}
  4656 | D:5      | Noticed Prince Ribbit
  4760 | D:5      | Noticed Eustachio
  4785 | D:5      | Killed Eustachio
  4786 | D:5      | Reached skill level 3 in Long Blades
  4786 | D:5      | Reached skill level 5 in Shields
  5058 | D:5      | Killed Prince Ribbit
  5059 | D:5      | Reached skill level 4 in Long Blades
  5059 | D:5      | Reached skill level 1 in Stealth
  5059 | D:5      | Reached XP level 9. HP: 58/67 MP: 9/9
  5488 | D:6      | Reached skill level 5 in Fighting
  6058 | D:7      | Found a broken altar of Ashenzari.
  6109 | D:7      | Reached skill level 5 in Long Blades
  6245 | D:7      | Reached skill level 6 in Long Blades
  6301 | D:7      | Found a glowing golden altar of the Shining One.
  6304 | D:7      | Found a sparkling altar of Nemelex Xobeh.
  6310 | D:7      | Became a worshipper of the Shining One
  6375 | D:7      | Found a staircase to the Ecumenical Temple.
  6432 | D:7      | Noticed Duvessa
  6434 | D:7      | Noticed Dowan
  6440 | D:7      | Killed Duvessa
  6448 | D:7      | Killed Dowan
  6466 | D:7      | Found a sand-covered staircase.
  6477 | Ossuary  | Entered an ossuary
  6486 | Ossuary  | Reached * piety under the Shining One
  6570 | Ossuary  | Reached ** piety under the Shining One
  6668 | Ossuary  | Reached skill level 7 in Long Blades
  6780 | Temple   | Entered the Ecumenical Temple
  6871 | D:7      | Found a sacrificial altar of Ru.
  7121 | D:8      | Found a blossoming altar of Fedhas.
  7276 | D:8      | Reached XP level 10. HP: 50/74 MP: 10/10
  7336 | D:8      | Found a bloodstained altar of Trog.
  7394 | D:8      | Reached skill level 8 in Long Blades
  7419 | D:8      | Found a snail-covered altar of Cheibriados.
  7518 | D:8      | Reached *** piety under the Shining One
  7531 | D:9      | Reached skill level 9 in Long Blades
  7716 | D:9      | Found a stormy altar of Qazlal.
  7937 | D:8      | Noticed a gargoyle
  7953 | D:8      | Killed a gargoyle
  7954 | D:8      | Reached skill level 10 in Long Blades
  8103 | D:8      | Noticed a gargoyle
  8829 | D:8      | Killed a gargoyle
  8830 | D:8      | Reached XP level 11. HP: 54/81 MP: 6/11
  9099 | D:8      | Reached skill level 1 in Invocations
  9121 | D:8      | Reached skill level 11 in Long Blades
  9654 | D:9      | Found a hazy altar of Hepliaklqana.
  9815 | D:10     | Entered Level 10 of the Dungeon
  9975 | D:10     | Noticed a two-headed ogre
  9993 | D:10     | Slain by a two-headed ogre

Illustrated notes

Levels and vault maps discovered:
D:1:      dpeg_arrival_refuge, layout_basic
D:2:      layout_rooms, minmay_fountain_box, uniq_terence
D:3:      layout_loops_ring, brannock_xom_greatest_gift,
          nicolae_overflow_hidden_temple, hangedman_decor_push
D:4:      layout_layer_cave, kiku_gazebo_garden_becter,
          nicolae_overflow_crystal_walls, minivault_14, uniq_sigmund, uniq_ijyb,
          uniq_blork_the_orc
D:5:      layout_loops_ring, serial_rivers, chequers_serial_rivers_micro_b,
          chequers_serial_rivers_marsh, chequers_serial_rivers_small_b,
          chequers_serial_rivers_micro_b, gammafunk_ghost_split,
          uniq_prince_ribbit1, uniq_eustachio
D:6:      layout_loops_ring
D:7:      layout_loops_cross, mainiacjoe_overflow_24_doors,
          nicolae_overflow_squiral, mainiacjoe_overflow_chevrons,
          minmay_temple_entry_waves, nicolae_ossuary_entry_monument,
          grunt_ministairs_1, uniq_duvessa
D:8:      cheibrodos_statue_roulette, layout_basic, lemuel_crystal_altar,
          mainiacjoe_overflow_small_starburst, mainiacjoe_overflow_catwalk
D:9:      layout_small_grid, grunt_qazlal_sundering,
          mainiacjoe_overflow_alcove_4
D:10:     layout_loops_cross, lair_entry_dummy
Temple:   nicolae_temple_ecumenical_triangle

Skill      XL: |  1  2  3  4  5  6  7  8  9 10 11 |
---------------+----------------------------------+-----
Axes           | 1 3 4 |  4.9
Armour         | 4 5 6 7 |  7.9
Fighting       | 4 5 6 |  6.6
Shields        | 4 5 6 |  6.6
Dodging        | 1 |  1.6
Long Blades    | 4 7 10 11 | 11.5
Stealth        | 1 |  1.1
Invocations    | 2 |  2.7
Throwing       | |  0.1
Evocations     | |  0.4

Action                     |  1- 3 |  4- 6 |  7- 9 | 10-12 || total
---------------------------+-------+-------+-------+-------++-------
  Melee: Long sword        |    17 |       |   230 |   214 ||   461
         Hand axe          |    82 |   175 |   103 |       ||   360
   Fire: Sling             |       |     1 |       |       ||     1
  Throw: Stone             |       |     3 |     2 |       ||     5
 Invoke: Divine Shield     |       |       |       |     1 ||     1
  Evoke: Wand              |       |       |       |     8 ||     8
    Use: Scroll            |       |     3 |    10 |     3 ||    16
         Potion            |       |       |     2 |    10 ||    12
 Armour: Scale mail        |    28 |       |       |       ||    28
         Plate armour      |     8 |    78 |   189 |   118 ||   393
  Dodge: Dodged            |    36 |    81 |   221 |   161 ||   499
  Block: Buckler           |    19 |    41 |    93 |    90 ||   243
